 Seeded DCSS version 0.28.0-53-g5a82cb258f (webtiles) character file.

Game seed: 14514060777488847018 (custom seed)

1129 cbfl8 the Chopper (level 8, -1/70 HPs)
             Began as a Hill Orc Fighter on July 17, 2022.
             Was a Believer of Beogh.
             Slain by an ogre
             ... wielding a +0 giant spiked club
              (18 damage)
             ... on level 6 of the Dungeon.
             The game lasted 00:12:48 (6377 turns).

cbfl8 the Chopper (Hill Orc Fighter)                Turns: 6377, Time: 00:12:48

Health: -1/70      AC: 15    Str: 19    XL:     8   Next: 35%
Magic:  11/11      EV:  7    Int:  8    God:    Beogh [**....]
Gold:   318        SH:  5    Dex: 12    Spells: 7/7 levels left

rFire   x . .      SeeInvis .   a - +0 war axe
rCold   + . .      Faith    .   c - +0 buckler
rNeg    . . .      Spirit   .   m - +0 chain mail
rPois   .          Reflect  .   (no helmet)
rElec   .          Harm     .   o - +0 cloak
rCorr   .          Rampage  .   (no gloves)
Will    .....                   (no boots)
Stlth   ..........              (no amulet)
HPRegen 0.21/turn               k - +4 ring of protection
MPRegen 0.12/turn               n - ring of ice

@: no status effects
A: no striking features
a: Renounce Religion, Smiting


You were on level 6 of the Dungeon.
You worshipped Beogh.
Beogh was pleased with you.
You visited 1 branch of the dungeon, and saw 6 of its levels.

You collected 318 gold pieces.

Inventory:

Hand Weapons
 a - a +0 war axe (weapon)
 l - a +2 long sword of distortion
Armour
 b - a +0 scale mail
 c - a +0 buckler (worn)
 m - a +0 chain mail (worn)
 o - a +0 cloak (worn)
 r - an orb of mayhem
Jewellery
 k - a +4 ring of protection (left hand)
 n - a ring of ice (right hand)
 p - a ring of ice
 q - a ring of fire
Scrolls
 d - a scroll of immolation
 f - 3 scrolls of enchant weapon
 h - 5 scrolls of amnesia
 j - 2 scrolls of fog
Potions
 i - 3 potions of flight
 s - a potion of mutation
 t - a potion of degeneration {unknown}
 u - a potion of resistance


   Skills:
 * Level 6.1 Fighting
 + Level 0.5 Long Blades
 + Level 7.7 Axes
 + Level 5.9 Armour
 + Level 0.9 Dodging
 + Level 0.9 Stealth
 + Level 4.1 Shields
 * Level 4.6 Invocations


You had 7 spell levels left.
You didn't know any spells.
Your spell library contained the following spells:

 Spells                   Type           Power      Damage    Failure   Level
 Static Discharge         Conj/Air       0%         N/A       100%        2
 Lightning Bolt           Conj/Air       0%         1d11      100%        5
 Malign Gateway           Summ/Tloc      0%         N/A       100%        7
 Maxwell's Capacitive Co  Air            0%         ∞         100%        8
 Summon Horrible Things   Summ           0%         N/A       100%        8


Dungeon Overview and Level Annotations

Branches:
Dungeon (6/15)             Temple (0/1) D:4

Altars:
Fedhas
Beogh


Message History

The ogre hits you with a +0 giant spiked club.
You block the centaur zombie's attack. The centaur zombie closely misses you.
You barely miss the ogre.
The ogre is lightly wounded.
You hit the centaur zombie. The ogre barely misses you.
You block the centaur zombie's attack. x2
You slash the ogre!
The ogre is severely wounded.
You hit the centaur zombie but do no damage.
The centaur zombie hits you but does no damage.
The centaur zombie kicks you but does no damage.
The ogre hits you with a +0 giant spiked club!
* * * LOW HITPOINT WARNING * * *
The centaur zombie hits you but does no damage.
The centaur zombie barely misses you.
You feel better. The centaur zombie barely misses you.
The centaur zombie kicks you but does no damage.
The ogre hits you with a +0 giant spiked club.
* * * LOW HITPOINT WARNING * * *
You hit the ogre.
The ogre is severely wounded.
You hit the centaur zombie. The centaur zombie barely misses you.
The centaur zombie kicks you but does no damage.
The ogre barely misses you.
The centaur zombie hits you but does no damage.
The centaur zombie kicks you but does no damage.
You barely miss the ogre.
The ogre is severely wounded.
You slash the centaur zombie!
You destroy the centaur zombie!
Beogh accepts your kill.
The ogre hits you with a +0 giant spiked club.
* * * LOW HITPOINT WARNING * * *
You barely miss the ogre.
The ogre is severely wounded.
Unknown command.
You slash the ogre!
The ogre is almost dead.
The ogre hits you with a +0 giant spiked club!!
You die...

####+####.......'...#...
#.......#.......#.###...
#.......##.....)#.#.....
.........'......#......#
..O......##...###......#
..........#.#'#.........
#.....()#####....#......
#'#...#O#.#......#.....#
#####@..##.##.........
#!.....'>..........P
#......##....##...PP
#.......#.......#PPc
..'.......#.......#P.P
...#.......#....... .P
....#......##....... ..
... #......' ....... .#
.. ###...##........ ..


You could see an ogre.

Vanquished Creatures
  2 necrophages
  An ogre (D:4)
  A centaur (D:6)
  A scorpion (D:5)
  2 water moccasin zombies (D:5)
  2 hounds
  A centaur zombie (D:6)
  2 orc priests
  A jelly (D:5)
  2 bullfrog skeletons (D:5)
  A centaur skeleton (D:5)
  3 iguanas
  4 orc wizards
  2 hound zombies (D:5)
  4 adders
  A white imp (D:6)
  3 worms
  2 dart slugs
  27 orcs
  5 bats
  2 endoplasms
  2 giant cockroaches (D:2)
  6 goblins
  5 hobgoblins
  6 jackals
  5 kobolds
  4 quokkas
  5 ball pythons
  2 frilled lizards (D:1)
  6 rats
110 creatures vanquished.

Notes
Turn   | Place    | Note
-------+----------+-------------------------------------------
     0 | D:1      | cbfl8 the Hill Orc Fighter began the quest for the Orb.
     0 | D:1      | Reached XP level 1. HP: 19/19 MP: 1/1
   144 | D:1      | Reached XP level 2. HP: 15/27 MP: 2/2
   457 | D:1      | Found a faded altar of an unknown god.
   702 | D:1      | Reached skill level 3 in Axes
  1250 | D:2      | Reached XP level 3. HP: 25/33 MP: 3/3
  1983 | D:2      | Reached XP level 4. HP: 41/41 MP: 4/4
  2156 | D:3      | Reached skill level 4 in Axes
  2158 | D:3      | Became a worshipper of Beogh the Brigand
  3306 | D:4      | Noticed an ogre
  3402 | D:4      | Reached * piety under Beogh
  3411 | D:4      | Reached XP level 5. HP: 32/47 MP: 5/5
  3555 | D:4      | Found a staircase to the Ecumenical Temple.
  3644 | D:4      | Killed an ogre
  3645 | D:4      | Reached skill level 5 in Axes
  3645 | D:4      | Reached skill level 1 in Invocations
  3645 | D:4      | Reached XP level 6. HP: 22/53 MP: 6/6
  4514 | D:5      | Entered Level 5 of the Dungeon
  4545 | D:5      | Reached skill level 5 in Armour
  4723 | D:5      | Reached skill level 5 in Fighting
  4723 | D:5      | Reached skill level 6 in Axes
  4723 | D:5      | Reached XP level 7. HP: 55/61 MP: 8/8
  5605 | D:3      | Found a roughly hewn altar of Beogh.
  5615 | D:3      | Reached skill level 7 in Axes
  5834 | D:6      | Reached XP level 8. HP: 66/70 MP: 10/10
  5844 | D:6      | Reached ** piety under Beogh
  6072 | D:6      | Found a blossoming altar of Fedhas.
  6377 | D:6      | Slain by an ogre

Illustrated notes

Levels and vault maps discovered:
D:1:      evilmike_arrival_rings, layout_loops_ring,
          dreamdust_ecumenical_altar_angels_and_demons
D:2:      layout_rooms
D:3:      layout_basic, kennysheep_orc_chapel
D:4:      layout_loops_ring, minmay_temple_entry_glass, grunt_ministairs_7,
          dk_noncrumbling_3
D:5:      layout_cave_pools, hangedman_decor_push, minmay_puff
D:6:      nicolae_cairo_tiling_very_big, layout_cave_pools,
          fedhas_bush_and_centaur_altar

Skill      XL: |  1  2  3  4  5  6  7  8 |
---------------+-------------------------+-----
Fighting       | 4 5 6 |  6.1
Axes           | 3 4 5 6 7 |  7.7
Armour         | 4 5 |  5.9
Invocations    | 1 2 3 4 |  4.6
Shields        | 4 |  4.1
Long Blades    | |  0.5
Dodging        | |  0.9
Stealth        | |  0.9

Action                   |  1- 3 |  4- 6 |  7- 9 || total
-------------------------+-------+-------+-------++-------
Melee: War axe           |   130 |   103 |   136 ||   369
       Long sword        |       |    13 |       ||    13
Invok: Convert to Beogh  |       |     1 |       ||     1
       Smiting           |       |       |     1 ||     1
  Use: Potion            |       |     2 |     3 ||     5
       Scroll            |       |     4 |     4 ||     8
Armor: Scale mail        |    57 |    33 |       ||    90
       Chain mail        |       |    69 |   112 ||   181
Dodge: Dodged            |    80 |    55 |    62 ||   197
Block: Buckler           |    41 |    32 |    51 ||   124
